[Event "January 9 Late 2024"]
[Site "https://www.chess.com"]
[Date "2024.01.09"]
[Round "9"]
[White "Svicevic, Rastko"]
[Black "Diaz Herquinio, Brahian"]
[Result "0-1"]
[Board "120"]
[TimeControl "180+1"]
[WhiteFideId "916315"]
[BlackFideId "3809480"]
[WhiteElo "2247"]
[BlackElo "2425"]
[WhiteTeam "SRB"]
[BlackTeam "PER"]
[WhiteClock "0:00:00"]
[BlackClock "0:00:14"]

1. d4 d5 2. Bg5 h6 3. Bh4 c6 4. e3 Qb6 5. b3 e5 6. c3 Nd7 7. Nd2 Be7 8. Bg3 exd4 9. exd4 Ngf6 10. Bd3 O-O 11. Ngf3 a5 12. O-O Nh5 13. Nh4 Ndf6 14. Nf5 Bxf5 15. Bxf5 Nxg3 16. hxg3 Rfe8 17. Nf3 Bd6 18. Qd2 Ne4 19. Bxe4 Rxe4 20. Nh4 Rae8 21. Rae1 Bf8 22. Nf5 Qd8 23. f3 Rxe1 24. Rxe1 Rxe1+ 25. Qxe1 Qg5 26. Ne3 Qg6 27. Kf2 Bd6 28. Nf1 Qc2+ 29. Qd2 Qb1 30. f4 g6 31. Ne3 h5 32. Qc2 Qh1 33. Qd1 Qh2 34. Qg1 Qxg1+ 35. Kxg1 h4 0-1

[Event "January 9 Late 2024"]
[Site "https://www.chess.com"]
[Date "2024.01.09"]
[Round "9"]
[White "Alvarado, Carlos"]
[Black "Cardozo Munar, Carlos Eduardo"]
[Result "1/2-1/2"]
[Board "121"]
[TimeControl "180+1"]
[WhiteFideId "3800555"]
[BlackFideId "4409477"]
[WhiteElo "2414"]
[BlackElo "2231"]
[WhiteTeam "PER"]
[BlackTeam "COL"]
[WhiteClock "0:00:11"]
[BlackClock "0:00:18"]

1. d4 d5 2. Nf3 e6 3. c4 Nf6 4. Nc3 dxc4 5. Qa4+ Nbd7 6. Qxc4 b6 7. Bg5 Bb7 8. e3 Be7 9. Be2 O-O 10. Rc1 c5 11. O-O cxd4 12. Nxd4 Rc8 13. Qa4 a6 14. Rfd1 b5 15. Qb3 Nd5 16. Bxe7 Qxe7 17. Nf5 Qg5 18. Ng3 Nc5 19. Qc2 Nb4 20. Qb1 Rfd8 21. a3 Nd5 22. Nce4 Nxe4 23. Rxc8 Rxc8 24. Nxe4 Qg6 25. Nd6 Qxb1 26. Rxb1 Rc7 27. Nxb7 Rxb7 28. Bf3 Rd7 29. Rd1 Nf6 30. Rxd7 Nxd7 31. Bb7 Nb8 32. Kf1 Kf8 33. Ke2 Ke7 34. Kd3 Kd6 35. f4 a5 36. g4 Nd7 37. Bf3 e5 38. b4 axb4 39. axb4 f6 40. h4 Nb6 41. Ke4 exf4 42. exf4 Nd5 43. h5 Nxb4 44. Be2 Nd5 45. Kf5 b4 46. g5 b3 47. Bd3 fxg5 48. fxg5 Nb4 49. Bb1 Nc2 50. h6 gxh6 51. gxh6 Ne3+ 52. Kf6 Ng4+ 53. Kg7 Nxh6 54. Kxh6 Ke5 55. Kxh7 Kd4 56. Kg6 Kc3 57. Kf6 Kd2 58. Bf5 Kc1 59. Ke5 b2 60. Kd4 b1=Q 61. Bxb1 1/2-1/2

[Event "January 9 Late 2024"]
[Site "https://www.chess.com"]
[Date "2024.01.09"]
[Round "9"]
[White "Korol, Dimitry"]
[Black "Figorito, Nick"]
[Result "0-1"]
[Board "122"]
[TimeControl "180+1"]
[WhiteFideId "14108003"]
[BlackFideId "30923689"]
[WhiteElo "2339"]
[BlackElo "2402"]
[WhiteTeam "UKR"]
[BlackTeam "USA"]
[WhiteClock "0:00:00"]
[BlackClock "0:00:35"]

1. d4 Nf6 2. c4 g6 3. Nc3 d5 4. cxd5 Nxd5 5. e4 Nxc3 6. bxc3 Bg7 7. Nf3 c5 8. Rb1 O-O 9. Be2 cxd4 10. cxd4 Qa5+ 11. Qd2 Qxd2+ 12. Bxd2 b6 13. O-O Ba6 14. Bxa6 Nxa6 15. Rfc1 Rfc8 16. Kf1 Kf8 17. Ke2 Ke8 18. Kd3 Kd7 19. a4 h6 20. g4 Rxc1 21. Rxc1 Rc8 22. Rxc8 Kxc8 23. Kc4 Nc7 24. d5 a6 25. h4 Kb7 26. Bb4 b5+ 27. axb5 axb5+ 28. Kc5 Bf8 29. Ba5 e6+ 30. d6 b4 31. Bxc7 b3 32. Nd2 b2 33. e5 g5 34. h5 Bg7 35. Kd4 f6 36. Ke4 fxe5 0-1

[Event "January 9 Late 2024"]
[Site "https://www.chess.com"]
[Date "2024.01.09"]
[Round "9"]
[White "Stachanczyk, Jacek"]
[Black "Tqebuchava, Zurab"]
[Result "0-1"]
[Board "123"]
[TimeControl "180+1"]
[WhiteFideId "1116657"]
[BlackFideId "13601113"]
[WhiteElo "2398"]
[BlackElo "2189"]
[WhiteTeam "POL"]
[BlackTeam "GEO"]
[WhiteClock "0:00:53"]
[BlackClock "0:00:27"]

1. e4 e5 2. Nf3 Nc6 3. Bb5 Be7 4. O-O d6 5. d4 exd4 6. Nxd4 Bd7 7. Nc3 Nf6 8. Re1 O-O 9. Bxc6 bxc6 10. Qf3 c5 11. Nf5 Bxf5 12. Qxf5 Qc8 13. Qxc8 Rfxc8 14. Bf4 Rab8 15. b3 Bf8 16. e5 dxe5 17. Bxe5 Bd6 18. Bxf6 gxf6 19. Nd5 Kg7 20. c4 Re8 21. Rad1 Re5 22. Rxe5 fxe5 23. g3 f5 24. f3 Re8 25. Kf2 Kg6 26. f4 e4 27. Ke3 h5 28. Nc3 a6 29. Rd5 h4 30. Na4 hxg3 31. hxg3 Rh8 32. Nxc5 Rh3 33. Kf2 Rh2+ 34. Kg1 Rxa2 35. Nb7 Bb4 36. Rd7 e3 0-1

[Event "January 9 Late 2024"]
[Site "https://www.chess.com"]
[Date "2024.01.09"]
[Round "9"]
[White "Jing, Andrew"]
[Black "Poddubnyi, Viktor"]
[Result "1-0"]
[Board "124"]
[TimeControl "180+1"]
[WhiteFideId "30984076"]
[BlackFideId "4141989"]
[WhiteElo "2177"]
[BlackElo "2394"]
[WhiteTeam "USA"]
[BlackTeam "RUS"]
[WhiteClock "0:01:48"]
[BlackClock "0:00:00"]

1. d4 g6 2. e4 Bg7 3. f4 d6 4. Nf3 Nf6 5. Bd3 c5 6. c3 cxd4 7. cxd4 O-O 8. Nc3 Nc6 9. d5 Nb4 10. Bb1 e6 11. dxe6 Bxe6 12. O-O Qb6+ 13. Kh1 Rac8 14. a3 Nc6 15. b4 a5 16. Na4 Qb5 17. Bd3 Qh5 18. b5 Ng4 19. Rb1 Nd4 20. h3 Ba2 21. Rb2 Be6 22. Rb1 Rfe8 23. Nxd4 Bxd4 24. Be2 f5 25. Qxd4 Qh4 26. Bb2 1-0

[Event "January 9 Late 2024"]
[Site "https://www.chess.com"]
[Date "2024.01.09"]
[Round "9"]
[White "Ottosen, David"]
[Black "Hoffmann, Asa"]
[Result "0-1"]
[Board "125"]
[TimeControl "180+1"]
[WhiteFideId "2603080"]
[BlackFideId "2001470"]
[WhiteElo "2165"]
[BlackElo "2373"]
[WhiteTeam "CAN"]
[BlackTeam "USA"]
[WhiteClock "0:01:57"]
[BlackClock "0:02:04"]

1. e4 d6 2. d4 Nf6 3. Nc3 c6 4. f4 Qa5 5. Bd3 e5 6. Nf3 exd4 7. Nxd4 Qb6 8. Nde2 Be7 9. b3 O-O 10. Bb2 Ng4 11. Rf1 Ne3 12. Qd2 Nxg2+ 13. Kd1 Ne3+ 14. Ke1 Bh4+ 15. Ng3 Nxf1 16. Kxf1 Bh3+ 17. Ke2 Nd7 18. Na4 Qc7 19. Bxg7 Bg4+ 20. Kf1 Kxg7 21. Qg2 Kh8 22. f5 Ne5 0-1

[Event "January 9 Late 2024"]
[Site "https://www.chess.com"]
[Date "2024.01.09"]
[Round "9"]
[White "Gerbelli Neto, Eduardo"]
[Black "Harrington, Steve"]
[Result "1-0"]
[Board "126"]
[TimeControl "180+1"]
[WhiteFideId "2103281"]
[BlackFideId "2038730"]
[WhiteElo "2366"]
[BlackElo "2158"]
[WhiteTeam "BRA"]
[BlackTeam "USA"]
[WhiteClock "0:00:35"]
[BlackClock "0:00:00"]

1. e4 c5 2. Nc3 d6 3. f4 g6 4. Nf3 Bg7 5. Bb5+ Bd7 6. Bc4 Nf6 7. O-O Bg4 8. e5 Bxf3 9. Qxf3 dxe5 10. Bb5+ Nbd7 11. fxe5 O-O 12. exf6 Nxf6 13. d3 a6 14. Bc4 b5 15. Bd5 Ra7 16. Be4 Nd7 17. Be3 Ne5 18. Qg3 Qc8 19. h3 e6 20. Qf2 f5 21. Bf3 c4 22. Bxa7 cxd3 23. cxd3 Qd7 24. Rad1 Rd8 25. Bb6 Rb8 26. Bc5 Nc6 27. Bxc6 Qxc6 28. d4 b4 29. Ne2 Rd8 30. Nf4 e5 31. dxe5 Rxd1 32. Rxd1 Bxe5 33. Nd3 Bc7 34. Qd4 a5 35. Ne5 1-0

[Event "January 9 Late 2024"]
[Site "https://www.chess.com"]
[Date "2024.01.09"]
[Round "9"]
[White "Sanchez Alvares, Kelvin Antonio"]
[Black "Ghosh, Chanchal Kumer"]
[Result "0-1"]
[Board "127"]
[TimeControl "180+1"]
[WhiteFideId "3906680"]
[BlackFideId "10201858"]
[WhiteElo "2347"]
[BlackElo "2133"]
[WhiteTeam "VEN"]
[BlackTeam "BAN"]
[WhiteClock "0:00:10"]
[BlackClock "0:00:29"]

1. e4 c5 2. Nf3 d6 3. d4 cxd4 4. Nxd4 Nf6 5. Nc3 a6 6. Be3 e5 7. Nb3 Be6 8. Qd2 Be7 9. f4 Qc7 10. O-O-O Nbd7 11. Kb1 O-O 12. f5 Bc4 13. g4 Nxg4 14. Rg1 Nxe3 15. Qxe3 Nf6 16. Qh6 g6 17. h4 Rfc8 18. h5 Bf8 19. Qg5 Bxb3 20. axb3 Nxe4 21. Qe3 Nxc3+ 22. bxc3 Qxc3 23. Qg5 Qxc2+ 24. Ka1 Qxd1+ 25. Ka2 Rc2+ 26. Ka3 d5+ 27. b4 Qa1+ 28. Kb3 Qb1+ 29. Ka4 Ra2# 0-1

[Event "January 9 Late 2024"]
[Site "https://www.chess.com"]
[Date "2024.01.09"]
[Round "9"]
[White "Antunes, Luciano Justi"]
[Black "Glashausser, Sho"]
[Result "1-0"]
[Board "128"]
[TimeControl "180+1"]
[WhiteFideId "2126893"]
[BlackFideId "30908329"]
[WhiteElo "2129"]
[BlackElo "2197"]
[WhiteTeam "BRA"]
[BlackTeam "USA"]
[WhiteClock "0:00:52"]
[BlackClock "0:00:00"]

1. d4 e6 2. e4 d5 3. e5 c5 4. c3 Qb6 5. Nf3 Bd7 6. Bd3 Bb5 7. O-O Bxd3 8. Qxd3 Nc6 9. dxc5 Bxc5 10. b4 Be7 11. Nbd2 Nh6 12. Nb3 Nf5 13. a4 O-O 14. g4 Nh4 15. Nxh4 Bxh4 16. Bf4 a5 17. b5 Ne7 18. Be3 Qc7 19. Bd4 Ng6 20. f4 f5 21. g5 h6 22. gxh6 gxh6 23. Kh1 Kh7 24. b6 Qf7 25. Rg1 Nxf4 26. Qf3 Ng6 27. Rg2 Bg5 28. Rxg5 hxg5 29. Qh5+ Kg7 30. Qxg5 Rh8 31. Rg1 Rh6 32. Rg2 1-0

[Event "January 9 Late 2024"]
[Site "https://www.chess.com"]
[Date "2024.01.09"]
[Round "9"]
[White "Jaiveer Mahendru"]
[Black "Burke, Paul"]
[Result "1-0"]
[Board "129"]
[TimeControl "180+1"]
[WhiteFideId "25611151"]
[BlackFideId "2605767"]
[WhiteElo "2481"]
[BlackElo "1908"]
[WhiteTeam "IND"]
[BlackTeam "CAN"]
[WhiteClock "0:00:30"]
[BlackClock "0:00:00"]

1. f4 a6 2. Nf3 d6 3. g3 g6 4. Bg2 Bg7 5. e4 Nd7 6. Nc3 e6 7. d4 Ne7 8. O-O O-O 9. g4 h6 10. f5 exf5 11. exf5 gxf5 12. g5 h5 13. Nh4 Ng6 14. Nxf5 Nb6 15. Nxg7 Kxg7 16. d5 Qe7 17. Re1 Ne5 18. Bf4 Bg4 19. Qd4 Nd7 20. h3 Bf5 21. Rf1 Bg6 22. Rae1 Kh7 23. Be4 Rae8 24. Bxg6+ fxg6 25. Ne4 Rf5 26. Bxe5 Nxe5 27. Nf6+ 1-0

[Event "January 9 Late 2024"]
[Site "https://www.chess.com"]
[Date "2024.01.09"]
[Round "9"]
[White "D`Arruda, Ricardo D."]
[Black "Romero Ruscalleda, Josep"]
[Result "1-0"]
[Board "130"]
[TimeControl "180+1"]
[WhiteFideId "100692"]
[BlackFideId "2231859"]
[WhiteElo "2447"]
[BlackElo "2262"]
[WhiteTeam "ARG"]
[BlackTeam "ESP"]
[WhiteClock "0:00:09"]
[BlackClock "0:00:00"]

1. Nf3 g6 2. d4 Bg7 3. e4 d6 4. Nc3 a6 5. Bg5 b5 6. Qd2 Bb7 7. O-O-O Nf6 8. Qe1 b4 9. e5 Nfd7 10. Na4 Bxf3 11. gxf3 O-O 12. exd6 Re8 13. dxe7 Qc8 14. Qxb4 Nc6 15. Qc3 Nxe7 16. Bh3 f5 17. Rhe1 Nd5 18. Qc6 N7b6 19. Rxe8+ Qxe8 20. Qxe8+ Rxe8 21. Nxb6 cxb6 22. Bf1 b5 23. Kb1 h6 24. Bc1 Kh7 25. c4 bxc4 26. Bxc4 Nc7 27. d5 Rd8 28. d6 Nb5 29. Bxb5 axb5 30. Be3 Be5 31. d7 Bc7 32. f4 Kg7 33. Rd5 Kf7 34. Rxb5 Rxd7 35. Rb7 Ke6 36. a4 g5 37. fxg5 f4 38. Bb6 Bxb6 39. Rxb6+ Kf5 40. Rxh6 Kxg5 41. Rb6 Rd2 42. a5 Rxf2 43. a6 Rf1+ 44. Ka2 Rc1 45. a7 f3 46. a8=Q f2 47. Qg2+ 1-0

[Event "January 9 Late 2024"]
[Site "https://www.chess.com"]
[Date "2024.01.10"]
[Round "9"]
[White "Gonzalez Vega, Alejandro"]
[Black "Goncalves, Samuel Jesus P"]
[Result "0-1"]
[Board "132"]
[TimeControl "180+1"]
[WhiteFideId "3510042"]
[BlackFideId "1945130"]
[WhiteElo "2231"]
[BlackElo "2391"]
[WhiteTeam "CUB"]
[BlackTeam "POR"]
[WhiteClock "0:00:19"]
[BlackClock "0:00:18"]

1. e4 d5 2. exd5 Qxd5 3. Nc3 Qa5 4. b4 Qxb4 5. Rb1 Qd6 6. Rb3 Nf6 7. Nf3 e6 8. Ba3 Qd8 9. Bxf8 Kxf8 10. d4 g6 11. Bd3 Kg7 12. O-O Nbd7 13. Qe2 b6 14. Rd1 Bb7 15. Ne5 Qe7 16. Ba6 Bxa6 17. Qxa6 Nxe5 18. dxe5 Nd7 19. Qe2 Nc5 20. Rb4 a5 21. Rf4 Rad8 22. Re1 Rd7 23. h4 h5 24. Qf3 Rd2 25. Re2 Rxe2 26. Qxe2 Rd8 27. Qe3 Qd7 28. Qf3 Qe7 29. g3 Rd7 30. Rf6 Rd8 31. Qf4 Nd7 32. Ne4 Rh8 33. Qg5 Kf8 34. Kg2 Nxf6 35. exf6 Qd7 36. Qe5 Kg8 37. Ng5 Qd5+ 38. Qxd5 exd5 39. Kf3 Kf8 40. Kf4 Ke8 41. Ke5 Kd7 42. Kxd5 Re8 43. Nxf7 Re2 44. Ne5+ Ke8 45. Nxg6 Kf7 46. Nf4 Rxc2 47. f3 b5 48. g4 b4 49. g5 a4 50. g6+ Kxf6 51. g7 Kxg7 52. Nxh5+ Kh6 53. Nf4 b3 54. axb3 axb3 55. Nd3 b2 56. Nxb2 Rxb2 57. f4 Rf2 58. f5 Kh5 59. Ke6 Kxh4 60. f6 c5 61. Kd5 Rxf6 62. Kxc5 Kg5 63. Kd5 Kf5 64. Kd4 Re6 65. Kd5 Re5+ 66. Kd4 Kf4 67. Kd3 Re4 68. Kd2 Re3 0-1

[Event "January 9 Late 2024"]
[Site "https://www.chess.com"]
[Date "2024.01.09"]
[Round "9"]
[White "Rose, Felix"]
[Black "Ambrogi, Agustin"]
[Result "0-1"]
[Board "133"]
[TimeControl "180+1"]
[WhiteFideId "5105722"]
[BlackFideId "170933"]
[WhiteElo "2248"]
[BlackElo "2387"]
[WhiteTeam "MEX"]
[BlackTeam "ARG"]
[WhiteClock "0:00:00"]
[BlackClock "0:00:41"]

1. e4 Nf6 2. e5 Nd5 3. d4 d6 4. c4 Nb6 5. exd6 exd6 6. Nc3 Be7 7. Bd3 O-O 8. Nge2 Nc6 9. d5 Ne5 10. f4 Nexc4 11. Qb3 Bh4+ 12. g3 Bf6 13. Bxc4 Nxc4 14. Qxc4 Bh3 15. Bd2 c6 16. dxc6 bxc6 17. O-O-O d5 18. Qc5 Re8 19. Rhe1 Bg4 20. h3 Bf3 21. Qf2 Bh5 22. g4 Bh4 23. Ng3 Bg6 24. f5 d4 25. Nce4 Qd5 26. fxg6 hxg6 27. Qf3 Qxa2 28. Qa3 Qd5 29. Qd3 c5 30. Nf2 c4 31. Qa3 c3 32. bxc3 Bxg3 33. Rxe8+ Rxe8 34. Qa4 Rc8 35. Nd3 dxc3 36. Bf4 Bxf4+ 37. Nxf4 Qf3 38. Nd3 c2 0-1

[Event "January 9 Late 2024"]
[Site "https://www.chess.com"]
[Date "2024.01.09"]
[Round "9"]
[White "Bueno, Alfeu Junior Varela"]
[Black "Petersson, Kjell"]
[Result "1-0"]
[Board "134"]
[TimeControl "180+1"]
[WhiteFideId "2108879"]
[BlackFideId "1705148"]
[WhiteElo "2376"]
[BlackElo "2153"]
[WhiteTeam "BRA"]
[BlackTeam "SWE"]
[WhiteClock "0:01:38"]
[BlackClock "0:00:15"]

1. e4 c5 2. Nc3 g6 3. f4 Bg7 4. Nf3 Nc6 5. Bb5 e6 6. Bxc6 bxc6 7. d3 d6 8. O-O Ne7 9. e5 d5 10. Na4 Qa5 11. c4 O-O 12. b3 Nf5 13. Qe1 Qb4 14. g4 Nd4 15. Nxd4 Qxe1 16. Rxe1 cxd4 17. Bb2 f6 18. Bxd4 fxe5 19. Bxe5 Bxe5 20. fxe5 Rf3 21. Nc5 Rf4 22. h3 a5 23. Rf1 Rxf1+ 24. Rxf1 a4 25. Nxa4 dxc4 26. dxc4 Ra5 27. Rd1 Ba6 28. Rd8+ Kf7 29. Ra8 Ke7 30. Kf2 Kd7 31. Rxa6 1-0

[Event "January 9 Late 2024"]
[Site "https://www.chess.com"]
[Date "2024.01.10"]
[Round "9"]
[White "Varela La Madrid, Maria"]
[Black "Jazdanovs, Aleksandrs"]
[Result "0-1"]
[Board "135"]
[TimeControl "180+1"]
[WhiteFideId "3903346"]
[BlackFideId "11604492"]
[WhiteElo "2194"]
[BlackElo "2327"]
[WhiteTeam "VEN"]
[BlackTeam "LAT"]
[WhiteClock "0:00:00"]
[BlackClock "0:01:16"]

1. d4 Nf6 2. c4 c5 3. d5 b5 4. cxb5 a6 5. e3 axb5 6. Bxb5 Ba6 7. Bxa6 Qa5+ 8. Nc3 Qxa6 9. e4 d6 10. f4 Nbd7 11. Nf3 g6 12. e5 Ng4 13. Ng5 Nh6 14. e6 Nf6 15. exf7+ Nxf7 16. Ne6 Qb7 17. O-O Nd8 18. f5 Nxe6 19. fxe6 Bg7 20. Bg5 O-O 21. Qd2 Rfb8 22. Rab1 Qb4 23. h3 Rb7 24. Kh1 Ne4 25. Nxe4 Qxe4 26. Rbe1 Qd4 27. Qe2 Qxb2 28. Qf3 Rf8 29. Qf7+ Rxf7 30. exf7+ Kf8 0-1

[Event "January 9 Late 2024"]
[Site "https://www.chess.com"]
[Date "2024.01.10"]
[Round "9"]
[White "Mena, Martin"]
[Black "Kostiukov, Alexandr"]
[Result "0-1"]
[Board "136"]
[TimeControl "180+1"]
[WhiteFideId "10651225"]
[BlackFideId "14108100"]
[WhiteElo "2101"]
[BlackElo "2297"]
[WhiteTeam "EGY"]
[BlackTeam "UKR"]
[WhiteClock "0:00:03"]
[BlackClock "0:00:11"]

1. c4 g6 2. g3 Bg7 3. Bg2 c5 4. Nc3 Nf6 5. e4 O-O 6. d3 Nc6 7. Nge2 d6 8. O-O a6 9. h3 Rb8 10. a4 Ne8 11. Be3 Bd7 12. Qd2 Nc7 13. Bh6 Ne6 14. Bxg7 Kxg7 15. f4 Ned4 16. f5 Nb3 17. Qe3 Nxa1 18. Rxa1 Ne5 19. Nd5 Bc6 20. Nef4 Nd7 21. Rf1 Nb6 22. fxg6 hxg6 23. h4 e6 24. Nxb6 Qxb6 25. h5 Qxb2 26. hxg6 fxg6 27. Nxe6+ Kh7 28. Nxf8+ Kg7 29. Ne6+ Kh7 30. Qg5 Qe5 31. Qe7+ Kh6 32. Qh4+ Qh5 33. Rf7 Qxh4 34. gxh4 b5 35. Ng5 Kh5 36. Rh7+ Kg4 37. Bh3+ Kg3 38. e5 bxa4 39. Ne4+ Kxh3 40. Ng5+ Kg3 41. Ra7 Rb1# 0-1

[Event "January 9 Late 2024"]
[Site "https://www.chess.com"]
[Date "2024.01.09"]
[Round "9"]
[White "Slavin, Alexey"]
[Black "Dias, Joao Batista"]
[Result "1-0"]
[Board "137"]
[TimeControl "180+1"]
[WhiteFideId "24104388"]
[BlackFideId "2108240"]
[WhiteElo "2281"]
[BlackElo "2067"]
[WhiteTeam "RUS"]
[BlackTeam "BRA"]
[WhiteClock "0:00:15"]
[BlackClock "0:00:07"]

1. e4 e5 2. Nf3 Nc6 3. c3 Nf6 4. d4 Nxe4 5. d5 Nb8 6. Nxe5 d6 7. Bb5+ Bd7 8. Nxd7 Nxd7 9. Qa4 Nc5 10. Qc2 Be7 11. O-O O-O 12. b4 Na6 13. Re1 Bf6 14. Bb2 Nab8 15. Nd2 c6 16. Bc4 Ne5 17. Bb3 a5 18. a4 Nbd7 19. Ne4 Be7 20. Rad1 Rc8 21. dxc6 Rxc6 22. Bd5 Rc7 23. Qb3 Nf6 24. Nxd6 Bxd6 25. Rxe5 Kh8 26. Rf5 Qd7 27. Rf3 Ng4 28. h3 Ne5 29. Re3 Qf5 30. Be4 Qf4 31. Rxd6 Nc4 32. Rdd3 Nxe3 33. Rxe3 f5 34. Bf3 Rd8 35. bxa5 Rcd7 36. g3 Qh6 37. Kg2 f4 38. gxf4 Qxf4 39. Qb4 Qg5+ 40. Qg4 Qh6 41. c4 Rf8 42. Qxd7 Qg5+ 43. Qg4 Qh6 44. Re7 1-0

[Event "January 9 Late 2024"]
[Site "https://www.chess.com"]
[Date "2024.01.09"]
[Round "9"]
[White "Panico, Nick"]
[Black "Rubio Tent, Francisco"]
[Result "0-1"]
[Board "138"]
[TimeControl "180+1"]
[WhiteFideId "2026724"]
[BlackFideId "2238233"]
[WhiteElo "2061"]
[BlackElo "2393"]
[WhiteTeam "USA"]
[BlackTeam "ESP"]
[WhiteClock "0:00:22"]
[BlackClock "0:00:16"]

1. f4 Nf6 2. Nf3 d5 3. g3 g6 4. Bg2 Bg7 5. O-O O-O 6. d3 d4 7. e4 dxe3 8. c3 c5 9. Bxe3 Qc7 10. h3 Rd8 11. Na3 a6 12. Qe2 Nd5 13. Bf2 b5 14. Nc2 Bb7 15. Rad1 Nd7 16. Rfe1 e6 17. Ng5 N7f6 18. Ne3 Nxe3 19. Qxe3 Bxg2 20. Kxg2 h6 21. Ne4 c4 22. Nxf6+ Bxf6 23. dxc4 Qxc4 24. a3 Qb3 25. Rxd8+ Rxd8 26. Re2 Qd1 27. Re1 Qd5+ 28. Kg1 Qb3 29. Re2 Rd1+ 30. Kg2 Qd5+ 31. Qf3 Qc4 32. Qe3 Kg7 33. Re1 Rd3 34. Qe2 Qd5+ 35. Kg1 Rd2 36. Qg4 Rxb2 37. Rd1 Qa2 38. Qf3 Qxa3 39. g4 Qxc3 40. Qb7 Rxf2 41. Kxf2 Qc2+ 42. Ke3 Qxd1 43. Qxa6 Qd4+ 44. Kf3 Qc3+ 45. Ke4 b4 46. g5 hxg5 47. fxg5 Bxg5 48. Qb7 Bf6 49. Qb8 Qe5+ 50. Qxe5 Bxe5 51. Kd3 b3 52. h4 b2 53. Kc2 Kh6 54. Kb1 Kh5 55. Kc2 Kxh4 56. Kd1 g5 57. Kc2 g4 58. Kb1 g3 59. Ka2 g2 60. Kb3 b1=Q+ 61. Kc4 Qe4+ 62. Kc5 g1=Q+ 63. Kb5 f5 64. Ka6 f4 65. Kb5 f3 66. Ka6 f2 67. Ka5 Bh2 68. Kb5 Qee1 69. Ka4 e5 70. Kb5 e4 71. Kc6 e3 72. Kd7 e2 73. Ke6 Qd1 74. Kf7 f1=Q+ 75. Ke8 Kg3 76. Ke7 Kg2 77. Ke6 Kh1 78. Ke7 Bg3 79. Ke6 Be1 80. Ke7 Bd2 81. Ke6 Bc1 82. Ke7 e1=Q# 0-1

[Event "January 9 Late 2024"]
[Site "https://www.chess.com"]
[Date "2024.01.09"]
[Round "9"]
[White "Skaric, Djuro"]
[Black "Michalski, Olaf"]
[Result "0-1"]
[Board "139"]
[TimeControl "180+1"]
[WhiteFideId "934569"]
[BlackFideId "1106740"]
[WhiteElo "2291"]
[BlackElo "2149"]
[WhiteTeam "SRB"]
[BlackTeam "POL"]
[WhiteClock "0:00:05"]
[BlackClock "0:00:06"]

1. g3 d6 2. Bg2 e5 3. d3 f5 4. Nc3 Nf6 5. e4 Be7 6. Nge2 O-O 7. O-O c6 8. f4 fxe4 9. dxe4 Qb6+ 10. Kh1 Ng4 11. f5 Nf2+ 12. Rxf2 Qxf2 13. Ng1 Nd7 14. Nh3 Qb6 15. g4 h6 16. Qf3 g5 17. Nf2 Kg7 18. Nd3 Nc5 19. Be3 a5 20. Na4 Qc7 21. Naxc5 dxc5 22. Nxc5 b6 23. Nd3 Ba6 24. Nf2 Rad8 25. Bf1 Bxf1 26. Rxf1 Bc5 27. Nd3 Bxe3 28. f6+ Kg8 29. Qxe3 Rd6 30. Nxe5 Rdxf6 31. Nf3 Qf4 32. Qb3+ Kg7 33. e5 R6f7 34. e6 Rf6 35. Qc3 Qxg4 36. Nd2 Qxe6 37. Kg2 Kg8 38. Rxf6 Rxf6 39. Ne4 Qd5 40. Qd3 Qxd3 41. Nxf6+ Kf7 42. cxd3 Kxf6 43. Kf3 Ke5 44. Ke3 h5 45. h3 b5 46. b3 Kd5 47. d4 h4 48. a3 Ke6 49. Ke4 Kf6 50. a4 bxa4 51. bxa4 Ke6 52. Ke3 Kf5 53. Kf3 Ke6 54. Kg4 Kf6 55. Kf3 Kf5 56. Ke3 g4 57. hxg4+ Kxg4 58. Kf2 Kf4 59. Kg2 Ke4 60. Kh3 Kxd4 61. Kxh4 c5 62. Kg3 c4 63. Kf3 Kd3 0-1

[Event "January 9 Late 2024"]
[Site "https://www.chess.com"]
[Date "2024.01.09"]
[Round "9"]
[White "Kappeler, Kaspar"]
[Black "Quirke, Jeffrey"]
[Result "1-0"]
[Board "140"]
[TimeControl "180+1"]
[WhiteFideId "1309072"]
[BlackFideId "2013029"]
[WhiteElo "2256"]
[BlackElo "2148"]
[WhiteTeam "SUI"]
[BlackTeam "USA"]
[WhiteClock "0:00:13"]
[BlackClock "0:00:00"]

1. c4 Nf6 2. Nf3 g6 3. Nc3 Bg7 4. e4 d6 5. d4 O-O 6. Be2 e5 7. O-O exd4 8. Nxd4 Re8 9. f3 c6 10. Nc2 Na6 11. Kh1 Nc7 12. Bf4 d5 13. Bxc7 Qxc7 14. cxd5 cxd5 15. Bb5 Rd8 16. exd5 Be6 17. Ne3 a6 18. Qb3 Nxd5 19. Nexd5 Bxd5 20. Nxd5 Qc5 21. Nc3 Bxc3 22. Bxa6 Bxb2 23. Bxb7 Bxa1 24. Bxa8 Be5 25. Be4 Qc7 26. g3 h5 27. f4 Bf6 28. Bxg6 h4 29. Be4 Rd2 30. Qf3 Qa5 31. Qg4+ Kf8 32. Qc8+ Kg7 33. Qg4+ Kf8 34. Rb1 Qxa2 35. Rb8+ 1-0

[Event "January 9 Late 2024"]
[Site "https://www.chess.com"]
[Date "2024.01.09"]
[Round "9"]
[White "Rodriguez Dominguez, Melissa"]
[Black "Floresvillar Gonzalez, Luis Migu"]
[Result "1-0"]
[Board "141"]
[TimeControl "180+1"]
[WhiteFideId "3517560"]
[BlackFideId "5100542"]
[WhiteElo "2238"]
[BlackElo "2141"]
[WhiteTeam "CUB"]
[BlackTeam "MEX"]
[WhiteClock "0:00:06"]
[BlackClock "0:00:29"]

1. e4 e5 2. Nf3 Nc6 3. Bb5 a6 4. Ba4 Nf6 5. d3 b5 6. Bb3 Be7 7. g4 Nxg4 8. Rg1 d6 9. h3 Nxf2 10. Kxf2 Bh4+ 11. Ke3 Be6 12. Bxe6 fxe6 13. Rxg7 Bf6 14. Rg1 Qe7 15. Nc3 O-O-O 16. a4 b4 17. Ne2 Nd4 18. Nexd4 exd4+ 19. Nxd4 Bxd4+ 20. Kxd4 d5 21. Bg5 e5+ 22. Ke3 Qc5+ 23. d4 exd4+ 24. Qxd4 Qxc2 25. Bxd8 Rxd8 26. Rac1 Qh2 27. Rg7 Qxh3+ 28. Ke2 Qh2+ 29. Qf2 Qh5+ 30. Qf3 Qh2+ 31. Qf2 Qh5+ 32. Kf1 dxe4 33. Rcxc7+ Kb8 34. Qa7# 1-0

[Event "January 9 Late 2024"]
[Site "https://www.chess.com"]
[Date "2024.01.09"]
[Round "9"]
[White "Curtis, John"]
[Black "Celestino, Rafael Teixeira"]
[Result "1-0"]
[Board "142"]
[TimeControl "180+1"]
[WhiteFideId "3200256"]
[BlackFideId "2108925"]
[WhiteElo "2122"]
[BlackElo "2231"]
[WhiteTeam "AUS"]
[BlackTeam "BRA"]
[WhiteClock "0:00:25"]
[BlackClock "0:00:08"]

1. d4 Nf6 2. c4 g6 3. Nc3 Bg7 4. e4 O-O 5. f3 d6 6. Be3 c5 7. Nge2 cxd4 8. Nxd4 a6 9. Qd2 Nc6 10. Be2 Qc7 11. Rc1 Rd8 12. Nd5 Nxd5 13. cxd5 Bd7 14. dxc6 bxc6 15. O-O c5 16. b4 Qb6 17. bxc5 dxc5 18. Nb3 Bb5 19. Qe1 Bxe2 20. Qxe2 Bd4 21. Bxd4 cxd4 22. e5 a5 23. Qf2 a4 24. Nd2 Qb2 25. Ne4 Qb4 26. e6 f5 27. Qd2 Qb6 28. Ng5 Rd6 29. Rfe1 Kg7 30. Qd3 Rad8 31. Nf7 Rxe6 32. Nxd8 Rxe1+ 33. Rxe1 Qxd8 34. f4 Qd5 35. Rd1 Qxa2 36. Qxd4+ Kh6 37. Rd3 Qb1+ 38. Kf2 Qc2+ 39. Rd2 Qb3 40. h3 a3 41. Qe3 Qb4 42. Qd4 Qb3 43. Qd5 Qb4 44. Kg3 Qc3+ 45. Kh2 Qe3 46. Qd4 Qe6 47. Kg3 Qe1+ 48. Qf2 Qe6 49. Kh2 Qe4 50. Re2 Qb4 51. Qh4+ Kg7 52. Rxe7+ Kf8 53. Qf6+ Kg8 54. Qg7# 1-0

[Event "January 9 Late 2024"]
[Site "https://www.chess.com"]
[Date "2024.01.09"]
[Round "9"]
[White "Garcia Correa, Jose Ricardo"]
[Black "Yushko, Olga"]
[Result "1-0"]
[Board "143"]
[TimeControl "180+1"]
[WhiteFideId "5101832"]
[BlackFideId "14114500"]
[WhiteElo "2207"]
[BlackElo "2114"]
[WhiteTeam "MEX"]
[BlackTeam "UKR"]
[WhiteClock "0:01:50"]
[BlackClock "0:00:08"]

1. e4 e6 2. d4 d5 3. Nc3 Nf6 4. Bg5 Be7 5. e5 Nfd7 6. h4 c5 7. Nb5 cxd4 8. Nd6+ Kf8 9. Bxe7+ Kxe7 10. f4 Nc6 11. Qg4 Rg8 12. Bd3 Ndxe5 13. fxe5 Nxe5 14. Nxc8+ Rxc8 15. Qxd4 Nxd3+ 16. Qxd3 Qa5+ 17. c3 Qb6 18. O-O-O Rc5 19. Ne2 Rb5 20. Rd2 Rc8 21. Nd4 Ra5 22. Kb1 Ra3 23. Nc2 Raxc3 24. Qxh7 R3c4 25. Qxg7 Qa5 26. Qg5+ Ke8 27. Rhd1 Ra4 28. a3 Qb6 29. Qf6 Rac4 30. Nd4 Qc5 31. Nxe6 fxe6 32. Qxe6+ Qe7 33. Qxe7+ Kxe7 34. Rxd5 Rxh4 35. Rd7+ Ke6 36. Rxb7 a5 37. Rb6+ Ke7 38. Rd5 a4 39. Ra5 Rg8 40. Ra7+ 1-0